 Dungeon Crawl Stone Soup version 0.29.1-13-g9f3cf754e1 (webtiles) character file.

Game seed: 13782968568002521868

186 cdecastro the Insei (level 5, -4/39 HPs)
             Began as a Demigod Transmuter on Feb 4, 2023.
             Killed from afar by an orc wizard (6 damage)
             ... with a magic dart
             ... on level 4 of the Dungeon.
             The game lasted 00:04:48 (4481 turns).

cdecastro the Insei (Demigod Transmuter)            Turns: 4481, Time: 00:04:48

Health: -4/39      AC:  2    Str: 11    XL:     5   Next: 15%
Magic:  10/10      EV: 12    Int: 19    God:
Gold:   111        SH:  0    Dex: 14    Spells: 6/7 levels left

rFire   . . .      SeeInvis .     - Unarmed
rCold   . . .      Faith    .   (no shield)
rNeg    . . .      Spirit   .   a - +0 robe
rPois   .          Reflect  .   (helmet currently unavailable)
rElec   .          Harm     .   (no cloak)
rCorr   .          Rampage  .   (no gloves)
Will    .....                   (boots currently unavailable)
Stlth   +.........              (no amulet)
HPRegen 0.13/turn               (no ring)
MPRegen 0.12/turn               (no ring)

@: confused, appendages
A: horns 2, talons 2, high MP 1, forlorn, divine attributes
a: End Transformation


You were on level 4 of the Dungeon.
You had temporarily grown beastly horns and talons.
You visited 1 branch of the dungeon, and saw 4 of its levels.

You collected 111 gold pieces.

Inventory:

Missiles
 g - 5 curare-tipped darts
 m - 5 silver javelins
Armour
 a - a +0 robe (worn)
 h - a +0 leather armour
 n - a +0 helmet
Scrolls
 c - 2 scrolls of teleportation {unknown}
 e - a scroll of noise {unknown}
 f - a scroll of brand weapon {unknown}
 i - a scroll of fear {unknown}
 l - 4 scrolls of identify {unknown}
Potions
 b - a potion of lignification
 d - a potion of curing {unknown}
 j - a potion of flight {unknown}
 k - a potion of cancellation {unknown}
 o - a potion of degeneration {unknown}
 p - a potion of ambrosia {unknown}


   Skills:
 - Level 0.8 Fighting
 - Level 1.7 Dodging
 * Level 5.6 Unarmed Combat
 - Level 1.7 Spellcasting
 - Level 1.7 Transmutations


You had 6 spell levels left.
You knew the following spells:

 Your Spells              Type           Power      Damage    Failure   Level
a - Beastly Appendage     Tmut           16%        N/A       9%          1

Your spell library contained the following spells:

 Spells                   Type           Power      Damage    Failure   Level
 Wereblood                Tmut           8%         N/A       13%         2
 Spider Form              Tmut/Pois      5%         N/A       36%         3
 Ice Form                 Ice/Tmut       5%         N/A       77%         4
 Animate Dead             Necr           1%         N/A       86%         4
 Borgnjor's Vile Clutch   Necr/Erth      0%         N/A       99%         5
 Death Channel            Necr           0%         N/A       100%        6


Dungeon Overview and Level Annotations

Branches:
Dungeon (4/15)
 Temple: D:4-7

Annotations:
D:3 Sigmund
D:4 1 runed translucent door, Thatpatchoflichen's ghost, weakling OgMo


Innate Abilities, Weirdness & Mutations

You have temporarily grown beastly horns and talons.
You have an increased reservoir of magic. (+10% MP)
You shall have no god before yourself.
Your divine heritage dramatically boosts your attributes as you level up.


Message History

You bump into the rock wall.
The orc closely misses you. The orc wizard misses you.
You completely miss the orc wizard. Your kick misses the orc wizard.
Your punch misses the orc wizard.
The orc wizard is moderately wounded.
The orc wizard hits you with a +1 dagger of freezing.
The orc wizard freezes you.
You bump into the rock wall.
The orc hits you from afar with a +0 trident.
The orc wizard barely misses you.
You hit the orc wizard but do no damage.
You claw the orc wizard, but do no damage.
The orc wizard is moderately wounded.
The orc hits you from afar with a +0 trident.
The orc wizard points at you and mumbles some strange words.
The magic dart hits you!
You bump into the rock wall.
The orc hits you from afar with a +0 trident!
* * * LOW HITPOINT WARNING * * *
The orc wizard casts a spell at you.
You are more confused.
You're too confused to move!
The orc hits you from afar with a +0 trident.
* * * LOW HITPOINT WARNING * * *
The orc wizard points at you and mumbles some strange words.
You are more confused.
You hit the orc wizard. You claw the orc wizard.
The orc wizard is severely wounded.
The orc hits you from afar with a +0 trident.
* * * LOW HITPOINT WARNING * * *
The orc wizard hits you with a +1 dagger of freezing.
* * * LOW HITPOINT WARNING * * *
The orc wizard freezes you.
* * * LOW HITPOINT WARNING * * *
Okay, then.
Unknown command.
You bump into the rock wall.
The orc wizard casts a spell at you. The magic dart hits you.
You die...

..#.###############
#
......oo@.........#
#
###...###########.#
# #... #.# # ##.
####.##### # ..
#........# ##
#.##.###.# #.##.#
#.### ##+## #.##.#
#.... ##...##
#.##.# #..##


You could see an orc wizard and an orc.

Vanquished Creatures
  A hound (D:4)
  Robin (D:2)
  A gnoll (D:4)
  4 adders
  2 worms (D:2)
  A dart slug (D:4)
  An orc (D:4)
  6 ball pythons
  5 endoplasms
  A giant cockroach (D:1)
  13 goblins
  11 hobgoblins
  14 jackals
  3 kobolds
  2 quokkas
  6 bats
  4 frilled lizards
  6 rats
82 creatures vanquished.

Notes
Turn   | Place    | Note
-------+----------+-------------------------------------------
     0 | D:1      | cdecastro the Demigod Transmuter began the quest for the
                  | Orb.
     0 | D:1      | Reached XP level 1. HP: 15/15 MP: 5/5
   291 | D:1      | Reached skill level 3 in Unarmed Combat
   424 | D:1      | Reached XP level 2. HP: 16/22 MP: 7/7
  1448 | D:2      | Reached skill level 4 in Unarmed Combat
  1448 | D:2      | Reached XP level 3. HP: 27/27 MP: 6/8
  2278 | D:2      | Noticed Robin
  2391 | D:1      | Reached XP level 4. HP: 16/34 MP: 9/9
  2671 | D:2      | Killed Robin
  2933 | D:2      | Reached skill level 5 in Unarmed Combat
  3547 | D:3      | Noticed Sigmund
  4262 | D:4      | Found a runed translucent door.
  4262 | D:4      | Noticed a bullfrog
  4262 | D:4      | Noticed Thatpatchoflichen's ghost (weakling OgMo)
  4410 | D:4      | Reached XP level 5. HP: 39/39 MP: 8/10
  4481 | D:4      | Killed from afar by an orc wizard

Illustrated notes

Levels and vault maps discovered:
D:1:      minmay_arrival_semitransparent, layout_basic
D:2:      layout_loops_ring, uniq_robin
D:3:      layout_basic, hellmonk_ecumenical_altar_blasted,
          roderic_serpentine_path, chequers_serial_rivers_room_a, minivault_5,
          uniq_natasha, uniq_sigmund
D:4:      layout_loops_corners, minmay_temple_entry_statues_pillars,
          ebering_ghost_sewer_d

Skill      XL: |  1  2  3  4 |
---------------+-------------+-----
Unarmed Combat | 3 4 5 |  5.6
Fighting       | |  0.8
Dodging        | |  1.7
Spellcasting   | |  1.7
Transmutations | |  1.7

Action                   |  1- 3 |  4- 6 || total
-------------------------+-------+-------++-------
Melee: Unarmed           |   144 |    74 ||   218
       Kick              |    22 |    15 ||    37
       Headbutt          |    12 |    12 ||    24
       Punch             |     2 |     3 ||     5
 Cast: Beastly Appendage |    25 |    18 ||    43
 Stab: Sleeping          |     1 |     1 ||     2
Armor: Robe              |    35 |    17 ||    52
Dodge: Dodged            |    93 |    65 ||   158
